 Dungeon Crawl Stone Soup version 0.30-a0-782-ge64f9170bb (webtiles) character file.

Game seed: 5595011501722135963

39 Leeroy the Insei (level 3, -4/23 HPs)
             Began as an Octopode Transmuter on Feb 22, 2023.
             Slain by a gnoll
             ... wielding a +0 halberd of distortion
              (16 damage)
             ... on level 2 of the Dungeon.
             The game lasted 00:01:54 (1490 turns).

Leeroy the Insei (Octopode Transmuter)              Turns: 1490, Time: 00:01:55

Health: -4/23      AC:  1    Str:  9    XL:     3   Next: 45%
Magic:  15/15      EV: 13    Int: 17    God:
Gold:   92         SH:  0    Dex: 12    Spells: 2/6 levels left

rFire   . . .      SeeInvis .      - Unarmed
rCold   . . .      Faith    .    (no shield)
rNeg    . . .      Spirit   .    (helmet restricted)
rPois   .          Reflect  .    (no amulet)
rElec   .          Harm     .    k - ring of magical power
rCorr   .          Rampage  .    (no ring)
Will    .....                    (no ring)
Stlth   ++                       (no ring)
HPRegen 0.23/turn                (no ring)
MPRegen 0.14/turn                (no ring)
                                 (no ring)
                                 (no ring)

@: no status effects
A: almost no armour, amphibious, 8 rings, camouflage 1, gelatinous body 1,
(nimble swimmer 1), tentacles
a: no special abilities


You were on level 2 of the Dungeon.
You visited 1 branch of the dungeon, and saw 2 of its levels.

You collected 92 gold pieces.

Inventory:

Missiles
 f - 10 poisoned darts
Jewellery
 k - a ring of magical power (left tentacle)
Scrolls
 b - a scroll of fear {unknown}
 c - 2 scrolls of teleportation {unknown}
 e - a scroll of enchant weapon {unknown}
 h - a scroll of brand weapon {unknown}
 j - a scroll of magic mapping {unknown}
 l - 2 scrolls of identify {unknown}
Potions
 a - 2 potions of lignification
 d - a potion of degeneration {unknown}
 g - 2 potions of curing {unknown}
 i - a potion of haste {unknown}


   Skills:
 - Level 1.0 Fighting
 - Level 2.0 Dodging
 - Level 4.1 Unarmed Combat
 - Level 2.0 Spellcasting
 + Level 2.1 Transmutations
 * Level 1.1 Poison Magic


You had 2 spell levels left.
You knew the following spells:

 Your Spells              Type           Power      Damage    Failure   Level
a - Beastly Appendage     Tmut           16%        N/A       9%          1
b - Spider Form           Tmut/Pois      7%         N/A       30%         3

Your spell library contained the following spells:

 Spells                   Type           Power      Damage    Failure   Level
 Wereblood                Tmut           8%         N/A       12%         2
 Ice Form                 Ice/Tmut       5%         N/A       77%         4


Dungeon Overview and Level Annotations

Branches:
Dungeon (2/15)

Altars:


Innate Abilities, Weirdness & Mutations

You cannot wear most types of armour.
You are amphibious.
You can wear up to eight rings at the same time.
Your skin changes colour to match your surroundings (Stealth+).
Your rubbery body absorbs attacks. (AC +1, EV +1)
((You are camouflaged when in or above water. (Stealth+)))
You have tentacles for arms and can constrict up to eight enemies at once.


Message History

You escape the ball python's grasp.
The ball python barely misses you. The ball python completely misses you.
You closely miss the ball python. Your grab misses the ball python.
You squeeze the ball python.
You kill the ball python!
No target in view!
l - 2 scrolls labelled HOMEAXZUNN (gained 1)
Found a dagger.
You see here a scroll labelled TYUMNE HUCANT.
A bat is nearby!
The bat closely misses you.
You tentacle-slap the bat.
You kill the bat!
No target in view!
No target in view!
No target in view!
No target in view!
No target in view!
No target in view!
No target in view!
No target in view!
c - 2 scrolls labelled TYUMNE HUCANT (gained 1)
A gnoll is nearby!
A gnoll comes into view. It is wielding a +0 whip.
You barely miss the gnoll.
The gnoll shouts! x2
Your grab misses the gnoll. Your squeeze misses the gnoll.
You hear a shout!
The gnoll closely misses you.
You tentacle-slap the gnoll. You grab the gnoll.
The gnoll is lightly wounded.
You constrict the gnoll. The gnoll closely misses you. x2
You tentacle-slap the gnoll. You squeeze the gnoll.
The gnoll is heavily wounded.
You constrict the gnoll.
The gnoll drinks a potion.
The gnoll seems to grow stronger.
The gnoll hits you from afar with a +0 halberd of distortion!
Space warps horribly around you!
Ouch! That really hurt!
You die...

#...# #.......###.###.###
#.#.# #.............)...#
#.#.####................#
#.#.##.........g..###...###
#>#.##.###.#.##.#.........
#.#.#.......g...... .......
#.....#..#g#g##
#.###...####
###.#...##g#.####.###...#
#.##.###.@............#
#.##.#####.####.#.....##
#.##..## #............)#
#.##.#.###............##
#...###.#...###.#....##
##.# ##..†.....#.#.## #.
#.#...#####.### # #.###.##
#.# #.. #.######.#####


You could see 4 gnolls.

Vanquished Creatures
  A worm (D:2)
  A dart slug (D:2)
  An endoplasm (D:2)
  3 goblins
  4 hobgoblins
  3 jackals (D:1)
  3 quokkas (D:1)
  4 ball pythons
  5 bats
  A frilled lizard (D:1)
  3 kobolds (D:1)
  3 rats
32 creatures vanquished.

Vanquished Creatures (others)
  A plant (D:1)
1 creature vanquished.

Grand Total: 33 creatures vanquished

Notes
Turn   | Place    | Note
-------+----------+-------------------------------------------
     0 | D:1      | Leeroy the Octopode Transmuter began the quest for the Orb.
     0 | D:1      | Reached XP level 1. HP: 13/13 MP: 3/3
   181 | D:1      | Reached XP level 2. HP: 13/18 MP: 5/5
   638 | D:1      | Reached skill level 4 in Unarmed Combat
  1034 | D:2      | Reached XP level 3. HP: 20/23 MP: 6/6
  1054 | D:2      | Learned a level 3 spell: Spider Form
  1382 | D:2      | Reached skill level 1 in Poison Magic
  1490 | D:2      | Slain by a gnoll

Illustrated notes

Levels and vault maps discovered:
D:1:      kennysheep_arrival_seaside, layout_loops_ring
D:2:      layout_loops_ring

Skill      XL: |  1  2  3 |
---------------+----------+-----
Unarmed Combat | 4 |  4.1
Poison Magic   | 1 |  1.1
Fighting       | |  1.0
Dodging        | |  2.0
Spellcasting   | |  2.0
Transmutations | |  2.1

Action                     || total
---------------------------++-------
  Melee: Unarmed           ||    86
         Constrict         ||    22
         Tentacles         ||    15
         Punch             ||     4
         Kick              ||     1
   Cast: Beastly Appendage ||     1
   Stab: Sleeping          ||     5
 Armour: Skin              ||     6
  Dodge: Dodged            ||    48

Table legend: (Time is in decaauts)
 A = Elapsed time spent in this place.
 B = Non-inter-level travel time spent in this place.
 C = Inter-level travel time spent in this place.
 D = Time resting spent in this place.
 E = Time spent auto-exploring this place.
 F = Levels seen in this place.
 G = Mean time per level.
                   A        B        C        D        E       F      G
               +--------+--------+--------+--------+--------+-----+--------+
         Total |   1482 |   1406 |     76 |      6 |   1134 |   2 |  741.0 |
       Dungeon |   1482 |   1406 |     76 |      6 |   1134 |   2 |  741.0 |
               +--------+--------+--------+--------+--------+-----+--------+

Top non-repeatable levels by time:
     D:1: 932 daAuts
     D:2: 550 daAuts
